 Dungeon Crawl Stone Soup version 0.21-a0-404-g291f19a (webtiles) character file.

69 TheDeThijs the Poker (level 4, 0/33 HPs)
             Began as a Merfolk Gladiator on Oct 31, 2017.
             Slain by Sigmund
             ... wielding a +0 scythe
              (9 damage)
             ... on level 2 of the Dungeon.
             The game lasted 00:05:43 (1409 turns).

TheDeThijs the Poker (Merfolk Gladiator)            Turns: 1409, Time: 00:05:43

Health: 0/33       AC:  4    Str: 15    XL:     4   Next: 20%
Magic:  4/4        EV: 14    Int:  7    God:
Gold:   109        SH:  0    Dex: 15    Spells: 3/3 levels left

rFire    . . .     SeeInvis .   a - +0 trident
rCold    . . .     Gourm    .   (no shield)
rNeg     . . .     Faith    .   b - +0 leather armour
rPois    .         Spirit   .   c - +0 helmet
rElec    .         Reflect  .   (no cloak)
rCorr    .         Harm     .   (no gloves)
MR       .....                  (no boots)
Stlth    +.........             (no amulet)
HPRegen  0.11/turn              (no ring)
MPRegen  0.09/turn              (no ring)

@: no status effects
A: change form in water, swift swim, stealthy swim
a: no special abilities


You were on level 2 of the Dungeon.
You were hungry.

You visited 1 branch of the dungeon, and saw 2 of its levels.

You collected 109 gold pieces.

Inventory:

Hand Weapons
 a - a +0 trident (weapon)
Missiles
 d - 4 throwing nets (quivered)
Armour
 b - a +0 leather armour (worn)
 c - a +0 helmet (worn)
Scrolls
 e - 5 scrolls of identify
 m - a scroll of remove curse {unknown}
 n - a scroll of teleportation {unknown}
Potions
 h - a potion of degeneration {unknown}
 i - 2 potions of haste {unknown}
 k - a potion of might {unknown}
 l - a potion of lignification {unknown}
 o - a potion of curing {unknown}
Comestibles
 f - a bread ration
 g - 3 meat rations
 j - 4 fruits


   Skills:
 - Level 2.1 Fighting
 + Level 6.3 Polearms
 - Level 2.0 Throwing
 + Level 5.0 Dodging


You had 3 spell levels left.
You didn't know any spells.

Dungeon Overview and Level Annotations

Branches:
Dungeon (2/15)

Altars:

Annotations:
D:2 Sigmund


Message History

The ball python completely misses you. The ball python grabs you.
The ball python constricts you.
You escape the ball python's grasp.
You see here 6 gold pieces.
You hit the kobold.
You kill the kobold!
You hit the ball python.
The ball python is moderately wounded.
The ball python bites you but does no damage.
The ball python barely misses you. Something hits you but does no damage.
The ball python misses you. x2
You closely miss the ball python.
The ball python bites you but does no damage.
The ball python barely misses you.
You barely miss the ball python. Something hits you!
* * * LOW HITPOINT WARNING * * *
The ball python closely misses you. The ball python misses you.
You barely miss the ball python. The ball python closely misses you.
The ball python barely misses you. Something hits you!
You die...

##.###.#.#
#.####.###.#..#####
#......##.###.....########
######.#.## ##............
##.#.# #.###.###.####
##...#.. #.# #.#####
###.#. #.##.....<.
###.###..........
#..@S{..†.### #(#######.#
#. #


You could see a ball python.

Vanquished Creatures
  2 worms (D:2)
  3 dart slugs
  A leopard gecko (D:1)
  An orc (D:2)
  4 giant cockroaches (D:2)
  2 goblins
  4 hobgoblins
  10 jackals (D:1)
  A quokka (D:2)
  4 ball pythons (D:1)
  5 bats
  3 frilled lizards (D:1)
  4 kobolds
  8 rats
52 creatures vanquished.

Notes
Turn   | Place    | Note
-------+----------+-------------------------------------------
     0 | D:1      | TheDeThijs the Merfolk Gladiator began the quest for the Orb.
     0 | D:1      | Reached XP level 1. HP: 16/16 MP: 1/1
    32 | D:1      | Reached XP level 2. HP: 13/22 MP: 2/2
    80 | D:1      | Reached skill level 5 in Polearms
   560 | D:1      | Reached XP level 3. HP: 26/27 MP: 3/3
  1248 | D:2      | Reached skill level 6 in Polearms
  1288 | D:2      | Reached XP level 4. HP: 19/33 MP: 4/4
  1298 | D:2      | Reached skill level 5 in Dodging
  1398 | D:2      | Noticed Sigmund
  1409 | D:2      | Slain by Sigmund

Vault maps used:
D:1:      onia_arrival_handbag, serial_corexii_hall, corexii_hall_statues_x,
          corexii_hall_statues_s
D:2:      st_stairs_1, uniq_sigmund

Skill      XL: |  1  2  3  4 |
---------------+-------------+-----
Polearms       | 5 6 |  6.3
Dodging        | 5 |  5.0
Fighting       | |  2.1
Throwing       | |  2.0

Action                   |  1- 3 |  4- 6 || total
-------------------------+-------+-------++-------
Melee: Trident           |   141 |    37 ||   178
  Use: Scroll            |     1 |       ||     1
 Stab: Sleeping          |     2 |       ||     2
       Distracted        |     2 |       ||     2
  Eat: Chunk             |     1 |       ||     1
Armor: Leather armour    |    38 |    17 ||    55
Dodge: Dodged            |   123 |    40 ||   163

Table legend:
 A = Spawn XP
 B = Non-spawn XP
 C = Spawn XP percentage of total XP
 D = Spawn monster count
 E = Non-spawn monster count
 F = Spawn count percentage of total count
 G = Total turns spent on level
                    A         B        C        D         E        F      G
               +---------+---------+-------+---------+---------+-------+---------
         Total |       0 |      99 |   0.0 |       0 |      52 |   0.0 |  1409
               +---------+---------+-------+---------+---------+-------+---------
           D:1 |       0 |      58 |   0.0 |       0 |      33 |   0.0 |  1089
           D:2 |       0 |      41 |   0.0 |       0 |      19 |   0.0 |   320
               +---------+---------+-------+---------+---------+-------+---------
